 Dungeon Crawl Stone Soup version 0.30-a0-883-g5ad918d77d (webtiles) character file.

Game seed: 2019152849003364534

68 FexLirch the Gusty (level 4, -2/24 HPs)
             Began as a Tengu Air Elementalist on Mar 17, 2023.
             Slain by a gnoll
             ... wielding a +0 club
              (6 damage)
             ... on level 2 of the Dungeon.
             The game lasted 00:02:07 (1039 turns).

FexLirch the Gusty (Tengu Air Elementalist)         Turns: 1039, Time: 00:02:08

Health: -2/24      AC:  2    Str:  8    XL:     4   Next: 19%
Magic:  1/8        EV: 12    Int: 18    God:
Gold:   53         SH:  0    Dex: 14    Spells: 6/7 levels left

rFire   . . .      SeeInvis .    f - +2 dagger (elec)
rCold   . . .      Faith    .    (no shield)
rNeg    . . .      Spirit   .    a - +0 robe
rPois   .          Reflect  .    (helmet restricted)
rElec   .          Rampage  .    (no cloak)
rCorr   .                        (no gloves)
Will    .....                    (boots unavailable)
Stlth   ++                       (no amulet)
HPRegen 0.24/turn                j - ring of wizardry
MPRegen 0.11/turn                (no ring)

@: no status effects
A: beak, talons 3
a: no special abilities


You were on level 2 of the Dungeon.
You visited 1 branch of the dungeon, and saw 2 of its levels.

You collected 53 gold pieces.

Inventory:

Hand Weapons
 f - a +2 dagger of electrocution (weapon)
Missiles
 c - 2 poisoned darts
 e - 5 stones
Armour
 a - a +0 robe (worn)
Jewellery
 h - a ring of fire
 j - a ring of wizardry (left hand)
Scrolls
 i - a scroll of identify {unknown}
 k - a scroll of magic mapping {unknown}
 l - a scroll of amnesia {unknown}
Potions
 b - a potion of magic
 d - 2 potions of curing {unknown}
 g - a potion of brilliance {unknown}


   Skills:
 - Level 2.1 Dodging
 - Level 2.0 Stealth
 - Level 2.0 Spellcasting
 + Level 3.7 Conjurations
 + Level 5.4 Air Magic


You had 6 spell levels left.
You knew the following spells:

 Your Spells              Type           Power      Damage    Failure   Level
a - Shock                 Conj/Air       72%        1d7       1%          1

Your spell library contained the following spells:

 Spells                   Type           Power      Damage    Failure   Level
 Static Discharge         Conj/Air       36%        2-4/arc   1%          2
 Swiftness                Air            21%        N/A       2%          3
 Airstrike                Air            10%        2d(2-18)  9%          4


Dungeon Overview and Level Annotations

Branches:
Dungeon (2/15)

Altars:


Innate Abilities, Weirdness & Mutations

You have a beak for a mouth.
You have claws for feet.


Message History

The zap hits the gnoll.
The gnoll is severely wounded.
The zap misses the gnoll.
Casting: Shock (safe; 1% risk of failure)
Confirm with . or Enter, or press ? or * to list all spells.
Aiming: Shock (safe; 1% risk of failure)
Press: ? - help, Shift-Dir - straight line, f/p - gnoll
Aim: a gnoll, wielding a +0 club (moderately wounded, 75% to hit)
The zap misses the gnoll. x2
A gnoll comes into view. It is wielding a +0 whip.
The gnoll hits you with a +0 club. The gnoll attacks as you move away!
The gnoll barely misses you. The gnoll attacks as you move away!
The gnoll completely misses you.
Casting: Shock (safe; 1% risk of failure)
Confirm with . or Enter, or press ? or * to list all spells.
Aiming: Shock (safe; 1% risk of failure)
Press: ? - help, Shift-Dir - straight line, p - gnoll
Okay, then.
Unknown command.
Casting: Shock (safe; 1% risk of failure)
Confirm with . or Enter, or press ? or * to list all spells.
Aiming: Shock (safe; 1% risk of failure)
Press: ? - help, Shift-Dir - straight line, f/p - gnoll
Aim: a gnoll, wielding a +0 club (moderately wounded, 75% to hit)
The zap hits the gnoll.
The gnoll is lightly wounded.
The zap hits the gnoll.
The gnoll is severely wounded.
The gnoll barely misses you.
Unknown command.
The gnoll attacks as you move away! The gnoll hits you with a +0 club.
The gnoll attacks as you move away! The gnoll hits you with a +0 club!
* * * LOW HITPOINT WARNING * * *
Casting: Shock (safe; 1% risk of failure)
Confirm with . or Enter, or press ? or * to list all spells.
Okay, then.
Unknown command.
Unknown command.
The gnoll attacks as you move away! The gnoll hits you with a +0 club.
You die...

#.## ##. ##.######## #.
#.......... #. ##..........
#. #........... #.
#........### ### ##
#.###########... #
#.####............# #
###g@..†............# #†
##....##..............
#..####..##.##.............8
#......g....##.............#
#..>..g#######.............8
#####....## ##.......>.....
...........# .........######
...........# ..........# ##
.........g.#...........# #.


You could see 3 gnolls.

Vanquished Creatures
  Terence (D:2)
  An adder (D:2)
  A worm (D:2)
  3 ball pythons (D:1)
  3 endoplasms
  3 giant cockroaches (D:2)
  2 goblins
  3 hobgoblins (D:1)
  A quokka (D:2)
  4 bats
  2 kobolds
  6 rats
30 creatures vanquished.

Notes
Turn   | Place    | Note
-------+----------+-------------------------------------------
     0 | D:1      | FexLirch the Tengu Air Elementalist began the quest for the
                  | Orb.
     0 | D:1      | Reached XP level 1. HP: 10/10 MP: 4/4
   266 | D:1      | Found a faded altar of an unknown god.
   269 | D:1      | Reached XP level 2. HP: 15/15 MP: 3/6
   484 | D:1      | You fall into a shaft and drop 1 floor!
   561 | D:2      | Noticed Terence
   571 | D:2      | Killed Terence
   572 | D:2      | Reached skill level 5 in Air Magic
   572 | D:2      | Reached XP level 3. HP: 19/19 MP: 1/7
   914 | D:2      | Reached XP level 4. HP: 24/24 MP: 6/8
  1039 | D:2      | Slain by a gnoll

Illustrated notes

Levels and vault maps discovered:
D:1:      mrwooster_arrival_statue_3, layout_rooms, basic_ecumenical_altar
D:2:      layout_basic, minmay_statues_item, uniq_terence

Skill      XL: |  1  2 |
---------------+-------+-----
Conjurations   | 2 3 |  3.7
Air Magic      | 5 |  5.4
Dodging        | |  2.1
Stealth        | |  2.0
Spellcasting   | |  2.0

Action                     |  1- 3 |  4- 6 || total
---------------------------+-------+-------++-------
  Melee: Unarmed           |     1 |       ||     1
         Kick              |     1 |       ||     1
         Dagger            |     1 |       ||     1
   Cast: Shock             |    46 |    16 ||    62
 Armour: Robe              |     1 |       ||     1
  Dodge: Dodged            |     5 |     3 ||     8

Table legend: (Time is in decaauts)
 A = Elapsed time spent in this place.
 B = Non-inter-level travel time spent in this place.
 C = Inter-level travel time spent in this place.
 D = Time resting spent in this place.
 E = Time spent auto-exploring this place.
 F = Levels seen in this place.
 G = Mean time per level.
                   A        B        C        D        E       F      G
               +--------+--------+--------+--------+--------+-----+--------+
         Total |   1037 |   1037 |      0 |      0 |    888 |   2 |  518.5 |
       Dungeon |   1037 |   1037 |      0 |      0 |    888 |   2 |  518.5 |
               +--------+--------+--------+--------+--------+-----+--------+

Top non-repeatable levels by time:
     D:2: 554 daAuts
     D:1: 483 daAuts
